 Dungeon Crawl Stone Soup version 0.25.1-2-g60ff931df9 (webtiles) character file.

Game seed: 1159058597231047625

1362 flotson the Covered (level 8, -8/91 HPs)
             Began as a Demonspawn Wanderer on Oct 12, 2020.
             Killed by divine providence
             ... invoked by an orc priest
              (11 damage)
             ... on level 6 of the Dungeon.
             The game lasted 00:10:45 (6483 turns).

flotson the Covered (Demonspawn Wanderer)           Turns: 6483, Time: 00:10:46

Health: -8/91      AC: 28    Str: 14    XL:     8   Next: 37%
Magic:  8/8        EV:  2    Int: 14    God:
Gold:   275        SH:  0    Dex: 13    Spells: 7/7 levels left

rFire    . . .     SeeInvis .   a - +2 hand axe (venom)
rCold    . . .     Gourm    .   p - +1 tower shield
rNeg     + + +     Faith    .   (armour currently unavailable)
rPois    +         Spirit   .   (helmet currently unavailable)
rElec    .         Reflect  .   (cloak currently unavailable)
rCorr    +         Harm     .   (gloves currently unavailable)
MR       .....     NoTele   +   (boots currently unavailable)
Stlth    +++.......             (no amulet)
HPRegen  0.25/turn              j - ring of resist corrosion
MPRegen  0.11/turn              k - +4 ring of protection

@: confused, lethally poisoned (-8 -> -20), tree-form
A: demonic guardian 1, nightstalker 2
a: no special abilities


You were on level 6 of the Dungeon.
You were not hungry.
You were a tree.
You visited 1 branch of the dungeon, and saw 6 of its levels.

You collected 275 gold pieces.

Inventory:

Hand Weapons
 a - a +2 hand axe of venom (weapon)
 b - a +2 hand crossbow
 F - a +1 morningstar of protection
Missiles
 g - 11 bolts
 u - 10 poisoned darts (quivered)
 w - a throwing net
Armour
 d - a +0 ring mail (melded)
 p - a +1 tower shield (worn)
 q - a scarf of harm (melded)
 D - a +0 pair of boots (melded)
 E - a +0 helmet (melded)
Jewellery
 j - a ring of resist corrosion (left branch)
 k - a +4 ring of protection (right branch)
 B - an uncursed ring of magical power {unknown}
Scrolls
 h - 8 scrolls of remove curse {unknown}
 l - 2 scrolls of fear {unknown}
 n - 2 scrolls of noise {unknown}
 s - 2 scrolls of identify {unknown}
 t - 2 scrolls of enchant armour
 v - a scroll of blinking {unknown}
 x - 2 scrolls of immolation {unknown}
 y - 2 scrolls of teleportation {unknown}
 A - a scroll of fog {unknown}
 C - a scroll of amnesia {unknown}
 H - a scroll of magic mapping {unknown}
Potions
 c - a potion of lignification
 e - a potion of flight {unknown}
 i - a potion of curing {unknown}
 m - 2 potions of ambrosia
 o - a potion of resistance {unknown}
 r - 2 potions of haste
 z - 2 potions of cancellation {unknown}
 G - a potion of might {unknown}
Comestibles
 f - 9 rations
 I - 9 chunks of flesh


   Skills:
 + Level 4.7 Fighting
 + Level 3.3(3.4) Axes
 - Level 1.0(2.2) Maces & Flails
 - Level 2.6 Crossbows
 - Level 2.0 Throwing
 + Level 5.0 Armour
 + Level 4.1 Dodging
 - Level 1.0 Stealth
 + Level 3.4 Shields
   Level 1.0 Evocations


You had 7 spell levels left.
You didn't know any spells.
Your spell library contained the following spells:

 Spells                   Type           Power        Failure   Level  Hunger
 Animate Skeleton         Necr           N/A          99%         1    ##.....
 Apportation              Tloc           #.....       99%         1    ##.....
 Corona                   Hex            #......      99%         1    ##.....
 Summon Small Mammal      Summ           #...         99%         1    ##.....


Dungeon Overview and Level Annotations

Branches:
Dungeon (6/15)
 Temple: D:4-7

Altars:
Cheibriados
Uskayaw


Innate Abilities, Weirdness & Mutations

((You have sharp fingernails.))
((You are partially covered in slimy green scales. (AC +2)))
A weak demonic guardian rushes to your aid.
You are significantly more attuned to the shadows.


Message History

The worker ant poisons you! The killer bee stings you.
* * * LOW HITPOINT WARNING * * *
The worker ant bites you but does no damage.
The orc priest invokes the aid of Beogh against you.
Beogh smites you!
* * * LOW HITPOINT WARNING * * *
The killer bee completely misses you.
Really quaff the potion of lignification?
You turn into a tree.
Your scarf of harm melds into your body.
Your +0 helmet melds into your body.
Your +0 pair of boots melds into your body.
Your +0 ring mail melds into your body.
Your roots penetrate the ground.
* * * LOW HITPOINT WARNING * * *
You feel sick.
The killer bee stings you but does no damage.
The worker ant bites you but does no damage.
The orc priest calls down the wrath of Beogh upon you.
Beogh smites you!
You die...

#.##### #.....#
######.##############
#..........rlaa♣yyZ.o
#.####.##############
#.# #.# ##.# #.# ...#
#[# #### #.#


You could see 2 worker ants, 2 killer bees, an orc priest, a leopard gecko
zombie, a leopard gecko and a quokka.

Vanquished Creatures
  An ogre (D:5)
  2 phantoms
  A centaur (D:6)
  2 scorpions (D:4)
  2 killer bees (D:6)
  A crimson imp (D:5)
  A howler monkey (D:6)
  A jelly (D:6)
  2 orc wizards
  A bullfrog skeleton (D:4)
  A centaur skeleton (D:5)
  An iguana (D:5)
  4 worker ants (D:4)
  11 gnolls
  A howler monkey skeleton (D:6)
  10 adders
  An ooze (D:4)
  2 worms
  4 dart slugs
  6 leopard geckos
  16 orcs
  2 ball pythons (D:3)
  3 giant cockroaches
  9 goblins
  13 hobgoblins
  9 jackals
  3 quokkas
  6 bats
  8 frilled lizards
  12 kobolds
  8 rats
144 creatures vanquished.

Vanquished Creatures (collateral kills)
  An ice beast (D:5)
  A sky beast (D:5)
  A crimson imp (D:5)
  A hound (D:6)
  A gnoll (D:2)
  A jackal (D:6)
  A goblin (D:2)
7 creatures vanquished.

Grand Total: 151 creatures vanquished

Notes
Turn   | Place    | Note
-------+----------+-------------------------------------------
     0 | D:1      | flotson the Demonspawn Wanderer began the quest for the
                  | Orb.
     0 | D:1      | flotson set off with the following items: a +2 hand
                  | crossbow, 25 bolts, a potion of lignification, a +0 ring
                  | mail, a ration
     0 | D:1      | Reached XP level 1. HP: 15/15 MP: 1/1
   209 | D:1      | Gained mutation: A weak demonic guardian rushes to your
                  | aid. [demonic ancestry]
   209 | D:1      | Reached XP level 2. HP: 21/21 MP: 2/2
   560 | D:1      | Reached skill level 3 in Armour
   857 | D:2      | Reached skill level 1 in Throwing
   858 | D:2      | Noticed a phantom
  1071 | D:2      | Killed a phantom
  1071 | D:2      | Reached skill level 1 in Dodging
  1071 | D:2      | Reached XP level 3. HP: 16/27 MP: 3/3
  1071 | D:2      | Gained mutation: You are partially covered in slimy green
                  | scales. (AC +2) [demonic ancestry]
  1071 | D:2      | Reached XP level 4. HP: 20/33 MP: 4/4
  1338 | D:2      | Gained mutation: You are slightly more attuned to the
                  | shadows. [demonic ancestry]
  1338 | D:2      | Reached XP level 5. HP: 31/39 MP: 5/5
  2152 | D:3      | Found a snail-covered altar of Cheibriados.
  3172 | D:3      | Reached skill level 1 in Shields
  3371 | D:4      | Gained mutation: You have sharp fingernails. [demonic
                  | ancestry]
  3371 | D:4      | Reached XP level 6. HP: 39/46 MP: 6/6
  3435 | D:4      | Reached skill level 1 in Axes
  4080 | D:4      | Reached skill level 4 in Armour
  4832 | D:5      | Entered Level 5 of the Dungeon
  4832 | D:5      | Noticed a sky beast
  4871 | D:5      | Reached XP level 7. HP: 48/52 MP: 7/7
  5442 | D:5      | Found a hide-covered altar of Uskayaw.
  6256 | D:6      | Gained mutation: You are significantly more attuned to the
                  | shadows. [demonic ancestry]
  6256 | D:6      | Reached XP level 8. HP: 60/60 MP: 8/8
  6471 | D:6      | Reached skill level 5 in Armour
  6482 | D:6      | HP: 1/61 [orc priest/divine providence (16)]
  6483 | D:6      | Killed from afar by an orc priest

Illustrated notes

Levels and vault maps discovered:
D:1:      evilmike_arrival_crescent, layout_loops_ring
D:2:      layout_basic
D:3:      layout_basic, kennysheep_slug_shrine
D:4:      layout_loops_ring, first_ration
D:5:      minmay_general_purpose_star, layout_gridville, basic_altar,
          kennysheep_cross_bottleneck
D:6:      layout_loops_ring

Skill      XL: |  1  2  3  4  5  6  7  8 |
---------------+-------------------------+-----
Armour         | 3 4 5 |  5.0
Throwing       | 1 2 |  2.0
Fighting       | 2 3 4 |  4.7
Dodging        | 1 2 3 4 |  4.1
Shields        | 1 2 3 |  3.4
Axes           | 1 2 3 |  3.3
Maces & Flails | |  1.0
Crossbows      | |  2.6
Stealth        | |  1.0
Evocations     | |  1.0

Action                   |  1- 3 |  4- 6 |  7- 9 || total
-------------------------+-------+-------+-------++-------
Melee: Hand axe          |    13 |   391 |   143 ||   547
 Fire: Hand crossbow     |    63 |    13 |       ||    76
Throw: Dart              |       |     2 |       ||     2
  Use: Potion            |       |       |     2 ||     2
       Scroll            |       |       |     1 ||     1
 Stab: Distracted        |     1 |       |       ||     1
       Sleeping          |       |     6 |     4 ||    10
  Eat: Chunk             |       |    13 |     6 ||    19
Armor: Ring mail         |    15 |   190 |    69 ||   274
       Skin              |       |       |     2 ||     2
Dodge: Dodged            |    15 |   143 |    44 ||   202
Block: Tower shield      |       |   218 |   101 ||   319
